 Dungeon Crawl Stone Soup version 0.31-a0-261-g072fdb8a1f (webtiles) character file.

Game seed: 4806499027428121697

3059 qw the Skirmisher (level 9, -2/79 HPs)
             Began as a Minotaur Hexslinger on July 13, 2023.
             Was a Believer of Okawaru.
             Slain by a killer bee (6 damage)
             ... on level 8 of the Dungeon.
             The game lasted 00:03:05 (7277 turns).

qw the Skirmisher (Minotaur Hexslinger)             Turns: 7277, Time: 00:03:06

Health: -2/79      AC: 13    Str: 16    XL:     9   Next: 57%
Magic:  10/11      EV: 15    Int: 15    God:    Okawaru [**....]
Gold:   553        SH:  0    Dex: 15    Spells: 9/10 levels left

rFire   + . .        i - +6 arbalest of Kitu {freeze, Str+3 Int+5 Dex-2}
rCold   . . .        (shield currently unavailable)
rNeg    . . .        g - +0 ring mail
rPois   .            (helmet restricted)
rElec   .            m - +1 cloak
rCorr   .            f - +1 pair of gloves
SInv    .            b - +0 pair of boots
Will    .....        (no amulet)
Stlth   ++           j - ring of protection from fire
HPRegen 0.33/turn    (no ring)
MPRegen 0.12/turn

%: no passive effects
@: lethally poisoned (-2 -> -28), heroic
A: horns 2, retaliatory headbutt
a: Renounce Religion, Heroism


You were on level 8 of the Dungeon.
You worshipped Okawaru.
Okawaru was pleased with you.
You visited 2 branches of the dungeon, and saw 9 of its levels.

You collected 553 gold pieces.


Innate Abilities, Weirdness & Mutations

You have a pair of horns on your head.
You reflexively headbutt those who attack you in melee.


   Skills:
 - Level 7.0(12.0) Fighting
 + Level 11.4(16.4) Ranged Weapons
 - Level 4.0(9.0) Armour
 - Level 4.1(9.1) Dodging
 - Level 1.0 Spellcasting
 - Level 2.0 Hexes
 - Level 4.0 Invocations


You had 9 spell levels left.
You knew the following spells:

 Your Spells              Type           Power      Damage    Failure   Level
a - Slow                  Hex            24%        N/A       19%         1

Your spell library contained the following spells:

 Spells                   Type           Power      Damage    Failure   Level
 Inner Flame              Hex/Fire       3%         N/A       63%         3
 Portal Projectile        Hex/Tloc       6%         N/A       63%         3
 Cause Fear               Hex            3%         N/A       87%         4

Inventory:

Hand Weapons
 i - the +6 arbalest of Kitu (weapon) {freeze, Str+3 Int+5 Dex-2}
   (You found it on level 7 of the Dungeon)

   Str:       It affects your strength (+3).
   Int:       It affects your intelligence (+5).
   Dex:       It affects your dexterity (-2).
Armour
 b - a +0 pair of boots (worn)
 f - a +1 pair of gloves (worn)
 g - a +0 ring mail (worn)
 m - a +1 cloak (worn)
Jewellery
 j - a ring of protection from fire (left hand)
Scrolls
 n - a scroll of identify
Potions
 a - 3 potions of haste
 c - a potion of enlightenment
 d - a potion of mutation
 e - a potion of brilliance {unknown}
 h - 3 potions of curing
 l - a potion of lignification {unknown}

Dungeon Overview and Level Annotations

Branches:
Dungeon (8/15)             Temple (1/1) D:5
   Lair: D:8-11

Altars:
Ashenzari
Cheibriados
Dithmenos
Elyvilon
Fedhas
Gozag
Hepliaklqana
Kikubaaqudgha
Makhleb
Nemelex Xobeh
Okawaru
Qazlal
Ru
Sif Muna
Trog
Uskayaw
Vehumet
Wu Jian
Xom
Yredelemnul
Zin
The Shining One

Shops:
D:2 (

Annotations:
D:2 2 transporters
D:4 4 runed translucent doors


Message History

You feel very sick. The killer bee misses you.
The killer bee stings you but does no damage.
The killer bee misses you. You furiously retaliate!
You headbutt the killer bee, but do no damage.
The killer bee stings you! The queen bee stings you!
The killer bee barely misses you.
The killer bee stings you but does no damage.
7275 ||| DRINKING 2 potions of heal wounds.
You feel much better.
You feel very sick. The killer bee misses you.
The killer bee stings you but does no damage. x3
The queen bee closely misses you. You furiously retaliate!
You headbutt the queen bee. The killer bee barely misses you.
The killer bee stings you.
You shoot a bolt. The bolt hits the killer bee!
The bolt freezes the killer bee.
You kill the killer bee!
Okawaru accepts your kill.
You feel very sick. The killer bee misses you.
The killer bee stings you but does no damage.
The killer bee stings you.
You are lethally poisoned!
The killer bee poisons you! The killer bee closely misses you.
The queen bee stings you.
You are more poisoned.
The queen bee poisons you!
The killer bee stings you but does no damage.
The killer bee barely misses you.
The queen bee calls on the killer bee to defend it!
The killer bee goes berserk!
7277 ||| DRINKING potion of heal wounds.
You feel much better.
You feel extremely sick. The killer bee stings you!
The killer bee completely misses you. The killer bee stings you.
The killer bee stings you! x2
The queen bee stings you but does no damage.
The killer bee stings you.
You die... #.# #...#.# #.# ##..#.# #.# ##.#.# ## #%#########.#.# PPP

#...........#.# ....
################.# .....
#................#
.PPP.y##.###############
.....yy@.# .....yyy##
.PPPP.### ..$.%. .....


PPPPP #### You could see a queen bee and 5 killer bees.

Vanquished Creatures
  A wyvern (D:8)
  2 water moccasins
  An acid dragon (D:5)
  An ogre (D:6)
  2 centaurs (D:8)
  2 kobold brigands
  2 phantoms
  Blork the orc (D:4)
  3 bullfrogs
  3 scorpions
  4 wights (D:7)
  10 killer bees
  2 howler monkeys
  7 hounds
  3 gnoll boudas (D:7)
  2 jellies
  4 iguanas
  A sleepcap (D:6)
  2 orc wizards (D:5)
  15 gnolls
  7 adders
  A shadow imp (D:7)
  3 white imps
  An ufetubus (D:7)
  2 dart slugs
  5 worms
  10 orcs
  7 endoplasms
  4 giant cockroaches
  9 hobgoblins
  4 jackals (D:3)
  14 kobolds
  3 quokkas
  4 ball pythons
  8 bats
  6 frilled lizards (D:1)
  7 goblins
  2 rats
165 creatures vanquished.

Notes
Turn   | Place    | Note
-------+----------+-------------------------------------------
     0 | D:1      | qw the Minotaur Hexslinger began the quest for the Orb.
     0 | D:1      | Reached XP level 1. HP: 16/16 MP: 1/1
     0 | D:1      | 0 ||| qw: Version: 0.3-a-52-g30416fa
     0 | D:1      | 0 ||| qw: Game counter: 7033
     0 | D:1      | 0 ||| qw: Melee chars always use a shield: true
     0 | D:1      | 0 ||| qw: God list: Okawaru
     0 | D:1      | 0 ||| qw: Allow faded altars: false
     0 | D:1      | 0 ||| qw: Do Orc after clearing Dungeon:15 true
     0 | D:1      | 0 ||| qw: Do second Lair branch before Depths: true
     0 | D:1      | 0 ||| qw: Lair rune preference: random
     0 | D:1      | 0 ||| qw: Goals: Normal
     0 | D:1      | 0 ||| PLANNING D:1-11
    92 | D:1      | Reached skill level 3 in Ranged Weapons
   141 | D:1      | Reached XP level 2. HP: 23/23 MP: 2/2
   858 | D:1      | Reached XP level 3. HP: 29/29 MP: 3/3
   902 | D:1      | 902 ||| UPGRADING to +1 pair of gloves.
   907 | D:1      | 907 ||| UPGRADING to +0 ring mail.
   917 | D:1      | 917 ||| DROPPING +0 robe.
   918 | D:1      | 918 ||| READING scroll labelled FUTSOB KIUNK.
   923 | D:1      | 923 ||| READING scroll labelled NOZECIPPED.
   924 | D:1      | 924 ||| READING scroll labelled VORPHY KITE.
  1025 | D:1      | 1025 ||| READING scroll labelled MUOSIH REO.
  1026 | D:1      | 1026 ||| DROPPING scroll of poison.
  1086 | D:2      | 1086 ||| Stepping ~*~*~tactically~*~*~ (outnumbered).
  1100 | D:2      | Reached skill level 4 in Ranged Weapons
  1223 | D:2      | Reached skill level 1 in Armour
  1418 | D:2      | Found a transporter.
  1420 | D:2      | Found Kuqev's Antique Weapon Boutique.
  1659 | D:2      | Found a transporter.
  1846 | D:2      | 1846 ||| UPGRADING to +0 pair of boots.
  1851 | D:2      | 1851 ||| UPGRADING to +0 cloak.
  1856 | D:2      | 1856 ||| READING scroll labelled KUOCOTEMMU.
  1857 | D:2      | 1857 ||| READING scroll labelled IDOXOBL YCABO.
  1858 | D:2      | 1858 ||| DRINKING 2 glowing pink potions.
  1876 | D:3      | Reached XP level 4. HP: 36/36 MP: 4/4
  1913 | D:3      | Found a blossoming altar of Fedhas.
  2121 | D:3      | Reached skill level 5 in Ranged Weapons
  2148 | D:3      | Found an opulent altar of Gozag.
  2602 | D:3      | 2602 ||| DROPPING ring of magical power.
  2603 | D:3      | 2603 ||| DROPPING +6 ring of intelligence.
  2763 | D:4      | Reached XP level 5. HP: 44/44 MP: 5/5
  2763 | D:4      | Noticed Blork the orc
  2771 | D:4      | Killed Blork the orc
  2796 | D:4      | Found a broken altar of Ashenzari.
  2810 | D:4      | Found a large runed translucent door.
  2810 | D:4      | Found a large runed translucent door.
  2813 | D:4      | Noticed a water moccasin
  2992 | D:4      | Found a large runed translucent door.
  2992 | D:4      | Found a large runed translucent door.
  3135 | D:4      | 3135 ||| FLEEEEING.
  3138 | D:4      | 3138 ||| FLEEEEING.
  3139 | D:4      | 3139 ||| FLEEEEING.
  3140 | D:4      | 3140 ||| FLEEEEING.
  3141 | D:4      | 3141 ||| FLEEEEING.
  3142 | D:4      | 3142 ||| FLEEEEING.
  3143 | D:4      | 3143 ||| FLEEEEING.
  3144 | D:4      | 3144 ||| FLEEEEING.
  3145 | D:4      | 3145 ||| FLEEEEING.
  3146 | D:4      | 3146 ||| FLEEEEING.
  3147 | D:4      | 3147 ||| FLEEEEING.
  3148 | D:4      | 3148 ||| FLEEEEING.
  3149 | D:4      | 3149 ||| FLEEEEING.
  3150 | D:4      | 3150 ||| FLEEEEING.
  3151 | D:4      | 3151 ||| FLEEEEING.
  3152 | D:4      | 3152 ||| FLEEEEING.
  3153 | D:4      | 3153 ||| FLEEEEING.
  3154 | D:4      | 3154 ||| FLEEEEING.
  3155 | D:4      | 3155 ||| FLEEEEING.
  3156 | D:4      | 3156 ||| FLEEEEING.
  3157 | D:4      | 3157 ||| FLEEEEING.
  3158 | D:4      | 3158 ||| FLEEEEING.
  3159 | D:4      | 3159 ||| FLEEEEING.
  3160 | D:4      | 3160 ||| FLEEEEING.
  3161 | D:4      | 3161 ||| FLEEEEING.
  3162 | D:4      | 3162 ||| FLEEEEING.
  3163 | D:4      | 3163 ||| FLEEEEING.
  3164 | D:4      | 3164 ||| FLEEEEING.
  3166 | D:4      | 3166 ||| STAIRDANCE
  3199 | D:3      | 3199 ||| UPGRADING to ring of protection from fire.
  3200 | D:3      | 3200 ||| READING scroll labelled KIRONT PARPH.
  3246 | D:4      | Reached XP level 6. HP: 50/52 MP: 6/6
  3327 | D:4      | Found a glowing golden altar of the Shining One.
  3333 | D:4      | Found a sparkling altar of Nemelex Xobeh.
  3338 | D:4      | Found a hide-covered altar of Uskayaw.
  3422 | D:4      | Reached skill level 6 in Ranged Weapons
  3600 | D:4      | Found a burning altar of Makhleb.
  3603 | D:4      | Found a snail-covered altar of Cheibriados.
  3604 | D:4      | Found a basalt altar of Yredelemnul.
  3604 | D:4      | Found a glowing silver altar of Zin.
  3604 | D:4      | Found a radiant altar of Vehumet.
  3606 | D:4      | Found a stormy altar of Qazlal.
  3607 | D:4      | Found a sacrificial altar of Ru.
  3609 | D:4      | Found a shimmering blue altar of Sif Muna.
  3675 | D:5      | Entered Level 5 of the Dungeon
  3715 | D:5      | 3715 ||| DRINKING 3 potions of curing.
  3715 | D:5      | 3715 ||| (to cure confusion)
  3848 | D:5      | Noticed a water moccasin
  3855 | D:5      | Killed a water moccasin
  3856 | D:5      | Reached skill level 7 in Ranged Weapons
  3856 | D:5      | Reached XP level 7. HP: 59/59 MP: 7/7
  3864 | D:5      | Found a staircase to the Ecumenical Temple.
  3865 | D:5      | 3865 ||| PLANNING TEMPLE
  3889 | Temple   | Entered the Ecumenical Temple
  3891 | Temple   | 3891 ||| PLANNING OKAWARU WORSHIP
  3909 | Temple   | Became a worshipper of Warmaster Okawaru
  3910 | Temple   | 3910 ||| PLANNING D:1-11
  3932 | D:5      | Reached skill level 8 in Ranged Weapons
  4812 | D:5      | Reached * piety under Okawaru
  4961 | D:5      | 4961 ||| UPGRADING to +1 cloak.
  4971 | D:5      | 4971 ||| DROPPING +0 cloak.
  4972 | D:5      | 4972 ||| DRINKING 2 bubbling black potions.
  4973 | D:5      | 4973 ||| DRINKING 2 potions of curing.
  4973 | D:5      | 4973 ||| (to cure confusion)
  4974 | D:5      | 4974 ||| DROPPING potion of ambrosia.
  4999 | D:6      | 4999 ||| FLEEEEING.
  5002 | D:6      | 5002 ||| STAIRDANCE
  5115 | D:6      | 5115 ||| STAIRDANCE
  5124 | D:5      | 5124 ||| INVOKING Heroism.
  5127 | D:5      | Reached skill level 9 in Ranged Weapons
  5127 | D:5      | Reached XP level 8. HP: 28/68 MP: 5/8
  5382 | D:6      | Reached skill level 1 in Invocations
  5396 | D:6      | Reached skill level 3 in Armour
  5466 | D:6      | 5466 ||| INVOKING Heroism.
  5672 | D:6      | Reached skill level 3 in Dodging
  5974 | D:6      | Reached skill level 3 in Invocations
  6074 | D:6      | Found a white marble altar of Elyvilon.
  6087 | D:6      | 6087 ||| READING scroll labelled GOUSEN GOJEOCH.
  6088 | D:6      | 6088 ||| READING scroll labelled WYHOYGIAMOF.
  6089 | D:6      | 6089 ||| DRINKING 4 pink potions.
  6090 | D:6      | 6090 ||| READING 2 scrolls of identify.
  6090 | D:6      | 6090 ||| IDENTIFYING murky cyan potion
  6148 | D:7      | Identified the +6 arbalest of Kitu {freeze, Str+3 Int+5
                  | Dex-2}
  6150 | D:7      | 6150 ||| SWAPPING to +6 arbalest of Kitu {freeze, Str+3
                  | Int+5 Dex-2}.
  6151 | D:7      | 6151 ||| DROPPING +2 sling.
  6165 | D:7      | Reached skill level 6 in Fighting
  6194 | D:7      | Found a shadowy altar of Dithmenos.
  6282 | D:7      | Reached ** piety under Okawaru
  6285 | D:7      | Reached skill level 10 in Ranged Weapons
  6288 | D:7      | Reached XP level 9. HP: 58/75 MP: 11/11
  6364 | D:7      | 6364 ||| Stepping ~*~*~tactically~*~*~ (outnumbered).
  6367 | D:7      | 6367 ||| INVOKING Heroism.
  6383 | D:7      | 6383 ||| FLEEEEING.
  6384 | D:7      | 6384 ||| INVOKING Heroism.
  6426 | D:7      | 6426 ||| FLEEEEING.
  6427 | D:7      | 6427 ||| FLEEEEING.
  6433 | D:7      | 6433 ||| FLEEEEING.
  6434 | D:7      | 6434 ||| FLEEEEING.
  6435 | D:7      | 6435 ||| FLEEEEING.
  6437 | D:7      | 6437 ||| FLEEEEING.
  6439 | D:7      | 6439 ||| FLEEEEING.
  6440 | D:7      | 6440 ||| FLEEEEING.
  6441 | D:7      | 6441 ||| FLEEEEING.
  6444 | D:7      | 6444 ||| FLEEEEING.
  6445 | D:7      | 6445 ||| FLEEEEING.
  6446 | D:7      | 6446 ||| FLEEEEING.
  6447 | D:7      | 6447 ||| FLEEEEING.
  6448 | D:7      | 6448 ||| FLEEEEING.
  6449 | D:7      | 6449 ||| FLEEEEING.
  6450 | D:7      | 6450 ||| FLEEEEING.
  6451 | D:7      | 6451 ||| FLEEEEING.
  6452 | D:7      | 6452 ||| FLEEEEING.
  6453 | D:7      | 6453 ||| STAIRDANCE
  6496 | D:6      | 6496 ||| DROPPING potion of berserk rage.
  6502 | D:7      | 6502 ||| INVOKING Heroism.
  6807 | D:7      | 6807 ||| READING 2 scrolls labelled JEIBREISOSM.
  6808 | D:7      | 6808 ||| READING 3 scrolls of identify.
  6808 | D:7      | 6808 ||| IDENTIFYING fuming ruby potion
  6809 | D:7      | 6809 ||| READING 2 scrolls of identify.
  6809 | D:7      | 6809 ||| IDENTIFYING fizzy orange potion
  6810 | D:7      | 6810 ||| DROPPING scroll of immolation.
  6842 | D:8      | 6842 ||| INVOKING Heroism.
  6959 | D:8      | Reached skill level 11 in Ranged Weapons
  7265 | D:8      | Noticed a queen bee
  7269 | D:8      | 7269 ||| INVOKING Heroism.
  7273 | D:8      | HP: 9/79 [queen bee (12)]
  7274 | D:8      | 7274 ||| DRINKING 3 potions of heal wounds.
  7274 | D:8      | HP: 2/79 [queen bee (12)]
  7275 | D:8      | 7275 ||| DRINKING 2 potions of heal wounds.
  7277 | D:8      | 7277 ||| DRINKING potion of heal wounds.
  7277 | D:8      | Slain by a killer bee

Levels and vault maps discovered:
D:1:      minmay_arrival_open_corners, layout_loops_corners, minmay_pentomino_t2
D:2:      layout_loops_ring, serial_shops, nicolae_shop_drivethru, nrook_uturn
D:3:      layout_loops_ring, fedhas_altar_2, mainiacjoe_overflow_tiny_flanked
D:4:      layout_loops_cross, minmay_overflow_temple_star_quad, minitemple,
          nicolae_ashenzari_skybound, minmay_hollow_rounded_squares,
          uniq_blork_the_orc
D:5:      layout_basic, minmay_temple_entry_drinking_statues
D:6:      layout_gridville, mainiacjoe_overflow_alcove_1, minmay_statues_item
D:7:      layout_cave_pools, grunt_dithmenos_shadows
D:8:      minmay_chambers_of_sevens, layout_basic, grunt_decor_one_mirror,
          corexii_leaking_fountain, st_stairs_5, mrwooster_statue_mirror,
          grunt_decor_resistance, nicolae_looking_at_the_future
Temple:   hellmonk_temple_two_chambers

Skill      XL: |  1  2  3  4  5  6  7  8  9 |
---------------+----------------------------+-----
Ranged Weapons | 3 4 5 7 9 10 11 | 11.4
Fighting       | 2 4 5 6 7 |  7.0
Armour         | 1 2 3 4 |  4.0
Invocations    | 4 |  4.0
Dodging        | 3 4 |  4.1
Spellcasting   | |  1.0
Hexes          | |  2.0

Action                     |  1- 3 |  4- 6 |  7- 9 || total
---------------------------+-------+-------+-------++-------
   Fire: Sling             |   124 |   188 |   208 ||   520
         Arbalest          |       |       |    93 ||    93
 Invoke: Heroism           |       |       |     7 ||     7
    Use: Scroll            |     6 |     1 |     6 ||    13
         Potion            |     1 |     1 |     6 ||     8
 Armour: Robe              |     3 |       |       ||     3
         Ring mail         |     8 |    48 |   125 ||   181
  Dodge: Dodged            |    39 |    58 |   177 ||   274

Table legend:
 A = Non-vault XP
 B = Vault XP
 C = Vault XP percentage of total XP
 D = Non-vault monster count
 E = Vault monster count
 F = Vault count percentage of total count
                 A         B        C        D         E       F
            +---------+---------+-------+---------+---------+-------
      Total |    3589 |     782 |  17.9 |     142 |      23 |  13.9
            +---------+---------+-------+---------+---------+-------
        D:1 |      39 |       3 |   7.1 |      25 |       2 |   7.4
        D:2 |      51 |       0 |   0.0 |      15 |       0 |   0.0
        D:3 |      95 |       0 |   0.0 |      20 |       0 |   0.0
        D:4 |      99 |     212 |  68.2 |       9 |      12 |  57.1
        D:5 |     944 |       0 |   0.0 |      20 |       0 |   0.0
        D:6 |     674 |       0 |   0.0 |      17 |       0 |   0.0
        D:7 |    1269 |      12 |   0.9 |      33 |       1 |   2.9
        D:8 |     418 |     555 |  57.0 |       3 |       8 |  72.7
            +---------+---------+-------+---------+---------+-------
